 Dungeon Crawl Stone Soup version 0.31.0-11-ge490571c62 (webtiles) character file.

Game seed: 14671246993015311865

14 qw the Shooter (level 2, 0/14 HPs)
             Began as a Spriggan Hunter on Feb 3, 2024.
             Slain by a frilled lizard (1 damage)
             ... on level 1 of the Dungeon.
             The game lasted 00:00:03 (70 turns).

qw the Shooter (Spriggan Hunter)                      Turns: 70, Time: 00:00:04

Health: 0/14       AC:  2    Str:  7    XL:     2   Next: 27%
Magic:  3/3        EV: 19    Int: 10    God:
Gold:   12         SH:  0    Dex: 18    Spells: 1/1 levels left

rFire   . . .        a - +0 shortbow
rCold   . . .        (shield currently unavailable)
rNeg    . . .        c - +0 robe
rPois   .            (helmet restricted)
rElec   .            (no cloak)
rCorr   .            (gloves unavailable)
SInv    +            (boots unavailable)
Will    .....        (no amulet)
Stlth   ++           (no ring)
HPRegen 0.22/turn    (no ring)
MPRegen 0.08/turn

%: no passive effects
@: very quick
A: very small, no large weapons, unfitting armour, see invisible, speed 3
a: no special abilities


You were on level 1 of the Dungeon.
You visited 1 branch of the dungeon, and saw 1 of its levels.

You collected 12 gold pieces.


Innate Abilities, Weirdness & Mutations

You are very small and have problems with some larger weapons.
You are too small for most types of armour.
You have supernaturally acute eyesight. (SInv)
You cover ground extremely quickly. (Speed+++)


   Skills:
 - Level 1.5 Fighting
 + Level 4.0 Ranged Weapons
 - Level 4.0 Dodging
 - Level 1.5 Stealth


You had one spell level left.
You didn't know any spells.
Your spell library was empty.

Inventory:

Hand Weapons
 a - a +0 shortbow (weapon)
Armour
 c - a +0 robe (worn)
Scrolls
 b - a scroll of butterflies
 d - a scroll of enchant armour {unknown}

Dungeon Overview and Level Annotations

Branches:
Dungeon (1/15)

Altars:

Shops:
D:1 [


Message History

The frilled lizard completely misses you.
You shoot an arrow. The arrow hits the endoplasm.
The endoplasm is severely wounded.
The jackal closely misses you. The endoplasm closely misses you.
The frilled lizard closely misses you. x2; The jackal closely misses you.
You shoot an arrow. The arrow hits the endoplasm.
The endoplasm is almost dead.
The endoplasm closely misses you. The frilled lizard closely misses you.
The frilled lizard misses you. The jackal completely misses you.
You shoot an arrow. The arrow hits the endoplasm.
You kill the endoplasm!
The jackal barely misses you. The frilled lizard misses you.
The frilled lizard barely misses you. The jackal bites you.
Your Dodging skill increases to level 4!
You shoot an arrow. The arrow hits the jackal.
The jackal is heavily wounded.
The frilled lizard bites you. The frilled lizard misses you. x2
The jackal misses you.
The frilled lizard closely misses you. x2
The frilled lizard barely misses you.
You shoot an arrow. The arrow hits the jackal!
You kill the jackal!
The frilled lizard completely misses you.
The frilled lizard bites you.
The frilled lizard completely misses you.
You shoot an arrow.
The arrow closely misses the frilled lizard.
The frilled lizard closely misses you. The frilled lizard misses you.
The frilled lizard closely misses you. The rat bites you.
You shoot an arrow. The arrow misses the frilled lizard.
The rat barely misses you. The frilled lizard barely misses you.
The frilled lizard misses you. x2
You shoot an arrow. The arrow misses the frilled lizard.
The frilled lizard bites you. The frilled lizard closely misses you.
The frilled lizard barely misses you. The rat closely misses you.
You shoot an arrow.
The arrow barely misses the frilled lizard.
The frilled lizard closely misses you. x3; The rat bites you but does no damage.
The rat completely misses you. The frilled lizard closely misses you.
The frilled lizard barely misses you. The frilled lizard bites you.
You die...

.. .......# ## ......
... #......# ##.......
#..##......###..#....
.)..#......#........
#.#........#.......
#.#........#......# ..
...............lrl##....
................@l......
.).....#.....#...#...##.
...#...#.##......#...#
..##...#...>..........#
.%.%...#..............#
##.##.##................
#...#.##...............#
.._......##..........\.
#...#.#.###............


You could see 3 frilled lizards and a rat.

Vanquished Creatures
  A dart slug (D:1)
  2 ball pythons (D:1)
  An endoplasm (D:1)
  A goblin (D:1)
  A hobgoblin (D:1)
  3 jackals (D:1)
  A rat (D:1)
10 creatures vanquished.

Notes
Turn   | Place    | Note
-------+----------+-------------------------------------------
     0 | D:1      | qw the Spriggan Hunter began the quest for the Orb.
     0 | D:1      | Reached XP level 1. HP: 10/10 MP: 2/2
     0 | D:1      | 0 ||| qw: Version: 0.3-a-155-g5e7d8dd
     0 | D:1      | 0 ||| qw: Game counter: 3424
     0 | D:1      | 0 ||| qw: Melee chars always use a shield: true
     0 | D:1      | 0 ||| qw: God list: Okawaru
     0 | D:1      | 0 ||| qw: Allow faded altars: false
     0 | D:1      | 0 ||| qw: Do Orc after clearing Dungeon:15 true
     0 | D:1      | 0 ||| qw: Do second Lair branch before Depths: true
     0 | D:1      | 0 ||| qw: Lair rune preference: random
     0 | D:1      | 0 ||| qw: Goals: Normal
     0 | D:1      | 0 ||| PLANNING D:1-11
    11 | D:1      | Reached skill level 3 in Dodging
    17 | D:1      | Found a faded altar of an unknown god.
    27 | D:1      | Reached XP level 2. HP: 14/14 MP: 3/3
    48 | D:1      | Found Atoruipp's Antique Armour Shop.
    66 | D:1      | HP: 3/14 [frilled lizard (1)]
    69 | D:1      | HP: 1/14 [frilled lizard (2)]
    70 | D:1      | Slain by a frilled lizard

Levels and vault maps discovered:
D:1:      dpeg_arrival_tiny_a, layout_basic, serial_shops, shop,
          ebering_ecumenical_altar_box, minmay_tiny_reverse_x

Skill      XL: |  1  2 |
---------------+-------+-----
Dodging        | 3 4 |  4.0
Fighting       | |  1.5
Ranged Weapons | |  4.0
Stealth        | |  1.5

Action                     || total
---------------------------++-------
   Fire: Shortbow          ||    32
 Armour: Robe              ||    12
  Dodge: Dodged            ||    56

Table legend:
 A = Non-vault XP
 B = Vault XP
 C = Vault XP percentage of total XP
 D = Non-vault monster count
 E = Vault monster count
 F = Vault count percentage of total count
                 A         B        C        D         E       F
            +---------+---------+-------+---------+---------+-------
      Total |      20 |       0 |   0.0 |      10 |       0 |   0.0
            +---------+---------+-------+---------+---------+-------
        D:1 |      20 |       0 |   0.0 |      10 |       0 |   0.0
            +---------+---------+-------+---------+---------+-------
